 Dungeon Crawl Stone Soup version 0.31-a0-229-g1fc7ce93e2 (webtiles) character file.

Game seed: 11712426030880389152

306 qw the Shooter (level 6, -1/52 HPs)
             Began as a Minotaur Hexslinger on July 6, 2023.
             Slain by a water moccasin zombie (4 damage)
             ... in an ossuary.
             The game lasted 00:01:08 (3079 turns).

qw the Shooter (Minotaur Hexslinger)                Turns: 3079, Time: 00:01:08

Health: -1/52      AC:  3    Str: 12    XL:     6   Next: 16%
Magic:  6/6        EV: 12    Int: 10    God:
Gold:   171        SH:  0    Dex: 15    Spells: 6/7 levels left

rFire   + . .        Y - +1 sling
rCold   . . .        (no shield)
rNeg    . . .        j - +1 robe {Will+}
rPois   .            (helmet restricted)
rElec   .            (no cloak)
rCorr   +            (no gloves)
SInv    .            (no boots)
Will    +....        i - amulet of the acrobat
Stlth   +            e - ring of protection from fire
HPRegen 0.28/turn    k - ring of resist corrosion
MPRegen 0.10/turn

%: acrobat
@: no status effects
A: horns 2, retaliatory headbutt
a: no special abilities


You were in an ossuary.
You visited 1 branch of the dungeon, and saw 4 of its levels.
You also visited: Ossuary.

You collected 171 gold pieces.


Innate Abilities, Weirdness & Mutations

You have a pair of horns on your head.
You reflexively headbutt those who attack you in melee.


   Skills:
 - Level 4.1 Fighting
 + Level 6.0 Ranged Weapons
 - Level 1.2 Armour
 - Level 2.1 Dodging
 - Level 1.0 Spellcasting
 - Level 2.0 Hexes


You had 6 spell levels left.
You knew the following spells:

 Your Spells              Type           Power      Damage    Failure   Level
a - Slow                  Hex            16%        N/A       16%         1

Your spell library contained the following spells:

 Spells                   Type           Power      Damage    Failure   Level
 Inner Flame              Hex/Fire       2%         N/A       56%         3
 Portal Projectile        Hex/Tloc       4%         N/A       56%         3
 Cause Fear               Hex            2%         N/A       83%         4

Inventory:

Hand Weapons
 Y - a +1 sling (weapon)
Armour
 a - a +0 ring mail
 j - a +1 robe of willpower (worn)
Jewellery
 e - a ring of protection from fire (left hand)
 i - an amulet of the acrobat (around neck)
 k - a ring of resist corrosion (right hand)
Potions
 b - a potion of heal wounds {unknown}
 c - a potion of cancellation {unknown}
 f - a potion of curing
 h - a potion of haste
 l - a potion of berserk rage {unknown}

Dungeon Overview and Level Annotations

Branches:
Dungeon (4/15)            Ossuary (1/1)
 Temple: D:4-7

Altars:

Annotations:
D:3 1 runed translucent door, Crazy Yiuf


Message History

The gnoll zombie is almost destroyed.
The water moccasin zombie bites you.
You shoot a sling bullet.
The sling bullet closely misses the water moccasin zombie.
The sling bullet hits the gnoll zombie.
You destroy the gnoll zombie!
The water moccasin zombie bites you but does no damage.
You shoot a sling bullet.
The sling bullet hits the water moccasin zombie.
The water moccasin zombie is lightly damaged.
The water moccasin zombie closely misses you.
You shoot a sling bullet.
The sling bullet hits the water moccasin zombie.
The water moccasin zombie is lightly damaged.
The water moccasin zombie barely misses you.
The water moccasin zombie bites you.
You shoot a sling bullet.
The sling bullet hits the water moccasin zombie but does no damage.
The water moccasin zombie is lightly damaged.
The water moccasin zombie bites you.
You shoot a sling bullet.
The sling bullet hits the water moccasin zombie.
The water moccasin zombie is lightly damaged.
The water moccasin zombie misses you.
You shoot a sling bullet.
The sling bullet closely misses the water moccasin zombie.
The water moccasin zombie bites you. x2
You shoot a sling bullet.
The sling bullet hits the water moccasin zombie.
The water moccasin zombie is moderately damaged.
The water moccasin zombie bites you.
You shoot a sling bullet.
The sling bullet hits the water moccasin zombie.
The water moccasin zombie is moderately damaged.
The water moccasin zombie closely misses you.
You shoot a sling bullet.
The sling bullet hits the water moccasin zombie.
The water moccasin zombie is moderately damaged.
The water moccasin zombie bites you.
You die...

#...'.\.#!$|!+
#...#...#!!!!#
#...##### ###
#...# #'###
#...# #...#
#...# #.@.#
##Z## ...
#...# #...#
#...# ##+##


You could see a water moccasin zombie.

Vanquished Creatures
  2 water moccasin zombies (Ossuary)
  An orc wizard (D:4)
  Ijyb (D:3)
  3 gnolls (D:2)
  2 adders
  An adder zombie (Ossuary)
  3 worms (D:2)
  9 orcs
  4 bats
  7 endoplasms
  4 giant cockroaches
  A gnoll zombie (Ossuary)
  5 hobgoblins
  6 jackals
  8 kobolds
  4 quokkas
  11 ball pythons
  2 frilled lizards (D:2)
  6 goblins
  2 kobold zombies (Ossuary)
  3 rats
85 creatures vanquished.

Notes
Turn   | Place    | Note
-------+----------+-------------------------------------------
     0 | D:1      | qw the Minotaur Hexslinger began the quest for the Orb.
     0 | D:1      | Reached XP level 1. HP: 16/16 MP: 1/1
     0 | D:1      | 0 ||| qw: Version: 0.3-a-46-gb1f654a
     0 | D:1      | 0 ||| qw: Game counter: 1519
     0 | D:1      | 0 ||| qw: Melee chars always use a shield: true
     0 | D:1      | 0 ||| qw: God list: Okawaru
     0 | D:1      | 0 ||| qw: Allow faded altars: false
     0 | D:1      | 0 ||| qw: Do Orc after clearing Dungeon:15 true
     0 | D:1      | 0 ||| qw: Do second Lair branch before Depths: true
     0 | D:1      | 0 ||| qw: Lair rune preference: random
     0 | D:1      | 0 ||| qw: Goals: Normal
     0 | D:1      | 0 ||| PLANNING D:1-11
   138 | D:1      | Reached skill level 3 in Ranged Weapons
   140 | D:1      | Reached XP level 2. HP: 23/23 MP: 2/2
   449 | D:1      | Reached XP level 3. HP: 16/29 MP: 3/3
   632 | D:1      | 632 ||| UPGRADING to +0 leather armour.
   642 | D:1      | 642 ||| DROPPING +0 robe.
   643 | D:1      | 643 ||| READING scroll labelled GAATYEPU KAICHE.
   644 | D:1      | 644 ||| DRINKING 3 fuming dark potions.
   645 | D:1      | 645 ||| DROPPING scroll of poison.
   646 | D:1      | 646 ||| DROPPING 2 potions of brilliance.
   724 | D:2      | 724 ||| DRINKING 2 bubbling orange potions.
   761 | D:2      | Reached skill level 4 in Ranged Weapons
   916 | D:2      | Reached XP level 4. HP: 15/36 MP: 4/4
  1288 | D:2      | 1288 ||| READING scroll labelled YWKIHE REYHO.
  1390 | D:2      | Reached skill level 5 in Ranged Weapons
  1803 | D:2      | 1803 ||| UPGRADING to +0 ring mail.
  1813 | D:2      | 1813 ||| DROPPING +0 leather armour.
  1814 | D:2      | 1814 ||| READING scroll labelled RUINKITWO SEMP.
  1815 | D:2      | 1815 ||| DROPPING potion of lignification.
  2004 | D:3      | Found a runed translucent door.
  2005 | D:3      | Noticed Crazy Yiuf
  2120 | D:3      | Reached skill level 1 in Armour
  2232 | D:3      | Noticed Ijyb
  2247 | D:3      | Reached XP level 5. HP: 15/44 MP: 5/5
  2247 | D:3      | HP: 11/44 [Ijyb/+0 club (4)]
  2248 | D:3      | 2248 ||| READING scroll of teleportation.
  2416 | D:3      | HP: 11/44 [Ijyb/+0 club (3)]
  2418 | D:3      | Killed Ijyb
  2419 | D:3      | Reached skill level 3 in Fighting
  2874 | D:3      | 2874 ||| UPGRADING to +1 robe of willpower.
  2884 | D:3      | 2884 ||| UPGRADING to amulet of the acrobat.
  2889 | D:3      | 2889 ||| UPGRADING to ring of protection from fire.
  2890 | D:3      | 2890 ||| UPGRADING to ring of resist corrosion.
  2891 | D:3      | 2891 ||| READING scroll labelled HOUMEG YVVO.
  2892 | D:3      | 2892 ||| DRINKING 2 lumpy puce potions.
  2893 | D:3      | 2893 ||| DRINKING 2 white potions.
  2894 | D:3      | 2894 ||| DROPPING potion of attraction.
  2923 | D:4      | 2923 ||| PLANNING OSSUARY
  3025 | D:4      | Found a sand-covered staircase.
  3030 | Ossuary  | Entered an ossuary
  3062 | Ossuary  | Reached skill level 6 in Ranged Weapons
  3070 | Ossuary  | Reached XP level 6. HP: 26/52 MP: 6/6
  3076 | Ossuary  | HP: 11/52 [water moccasin zombie (3)]
  3077 | Ossuary  | HP: 3/52 [water moccasin zombie (5)]
  3079 | Ossuary  | Slain by a water moccasin zombie

Levels and vault maps discovered:
D:1:      saegor_arrival_simple_b, layout_loops_ring, minmay_indecisive_spiral
D:2:      layout_loops_corners, serial_glass, glass_columns_a, glass_columns_c,
          due_unseen_surprise, feat_on_display, item_on_display_a,
          minmay_heptomino_w4
D:3:      layout_basic, uniq_ijyb, uniq_crazy_yiuf_cottage
D:4:      layout_basic, mainiacjoe_overflow_boulevard,
          nicolae_ossuary_entry_false_entrances, gammafunk_ghost_nasty_kobolds
Ossuary:  ossuary_tomb_2

Skill      XL: |  1  2  3  4  5 |
---------------+----------------+-----
Ranged Weapons | 3 4 5 6 |  6.0
Fighting       | 2 4 |  4.1
Armour         | 1 |  1.2
Dodging        | |  2.1
Spellcasting   | |  1.0
Hexes          | |  2.0

Action                     |  1- 3 |  4- 6 || total
---------------------------+-------+-------++-------
   Fire: Sling             |   125 |   147 ||   272
    Use: Potion            |     2 |     2 ||     4
         Scroll            |     1 |     4 ||     5
 Armour: Robe              |     4 |     8 ||    12
         Leather armour    |     6 |     1 ||     7
         Ring mail         |       |    13 ||    13
  Dodge: Dodged            |    35 |    52 ||    87

Table legend:
 A = Non-vault XP
 B = Vault XP
 C = Vault XP percentage of total XP
 D = Non-vault monster count
 E = Vault monster count
 F = Vault count percentage of total count
                 A         B        C        D         E       F
            +---------+---------+-------+---------+---------+-------
      Total |     221 |     217 |  49.5 |      65 |      20 |  23.5
            +---------+---------+-------+---------+---------+-------
        D:1 |      37 |       6 |  14.0 |      22 |       4 |  15.4
        D:2 |      98 |      21 |  17.6 |      24 |       9 |  27.3
        D:3 |      41 |      33 |  44.6 |      14 |       1 |   6.7
        D:4 |      45 |       0 |   0.0 |       5 |       0 |   0.0
    Ossuary |       0 |     157 | 100.0 |       0 |       6 | 100.0
            +---------+---------+-------+---------+---------+-------
